[Event "Tata Steel-A 79th"]
[Site "Wijk aan Zee"]
[Date "2017.01.21"]
[Round "7"]
[White "Karjakin, Sergey"]
[Black "Aronian, Levon"]
[Result "1-0"]
[ECO "C24"]
[WhiteElo "2785"]
[BlackElo "2780"]
[Annotator "ChessBase II"]
[PlyCount "115"]
[EventDate "2017.01.14"]
[EventType "tourn"]
[EventRounds "13"]
[EventCountry "NED"]
[EventCategory "21"]
[SourceTitle "CBM 177"]
[Source "ChessBase"]
[SourceDate "2017.03.16"]
[SourceVersion "1"]
[SourceVersionDate "2017.03.16"]
[SourceQuality "1"]
[TimeControl "40/6000+30:20/3000+30:900+30"]

1. e4 e5 2. Nf3 Nc6 3. Bc4 Bc5 4. O-O Nf6 5. d3 O-O 6. h3 d5 7. exd5 Nxd5 8. Re1 Be6 9. c3 (9.
Nbd2 f6 10. Nb3 Bb6 11. d4 Bf7 12. dxe5 Nxe5 13. Nxe5 fxe5 14. Bxd5 Bxd5 15.
Be3 c6 16. Qe2 Qh4 17. Nd2 Rf6 18. Qg4 Qxg4 19. hxg4 Ba5 20. a3 Bxd2 21. Bxd2
e4 22. Be3 a5 23. a4 h6 24. Reb1 Rg6 25. b4 axb4 26. Rxb4 c5 27. Bxc5 Rxg4 28.
Be3 Rg6 29. a5 Rc8 30. Rd1 Rc4 31. Rxc4 Bxc4 32. Rd7 Ba6 33. Bd4 Rg5 34. c4
Bxc4 35. Rxb7 e3 36. Bxe3 Rxg2+ 37. Kxg2 Bd5+ 38. Kg3 Bxb7 {Van Foreest,J 
(2578)-Bachmann,A (2642) Teplice 2016 1/2-1/2}) 9... Bb6 10.
Bb3 f6 11. d4 Bf7 12. dxe5 Nxe5 13. Bxd5 Bxd5 14. Nxe5 fxe5 15.
Be3 Bc6 16. Nd2 Qf6 17. Qe2 Qg6 18. f3 Rad8 19. Bxb6 axb6 20. Ne4 Rf4 21. Rad1 Rdf8 22. Qc4+ Kh8 23. Kh2 h6 24. Rd2 Kh7 25. Qd3 Kh8 26. Rde2 Qe6 27. b3 R4f7 28. Qe3 Re7 29. Qf2 Qd5 30. Re3 Qa5 31. Qb2 Rfe8 32. c4 Bd7 33. Nc3 c6 34. Ne4 Re6 35. Rd1 Bc8 36. b4 Qa8 37. Nd6 R8e7 38. Red3 Rd7 39. Qc2 Ree7 40. Qf2 Qb8 41. Qxb6 e4 42. fxe4 Rxe4 43. Qf2 Kg8 44. Qg3 Ree7 45. c5 Qc7 46. Nf5 Qxg3+ 47. Rxg3 Rf7 48. Nxh6+ Kh7 49. Nxf7 Rxd1 50. Re3 Bf5 51. Nd6 Bb1 52. a4 Bc2 53. a5 Rb1 54. Rc3 Bb3 55. Nxb7 Bd5 56. a6 Rxb4 57. Ra3 Rb2 58. h4 1-0